 Dungeon Crawl Stone Soup version 0.27-a0-965-gbf8bb431c4 (webtiles) character file.

Game seed: 2642038937107614125

59 leviel the Covered (level 3, -7/33 HPs)
             Began as a Minotaur Fighter on Apr 12, 2021.
             Mangled by an ogre
             ... wielding a +0 giant club
              (10 damage)
             ... on level 4 of the Dungeon.
             The game lasted 00:03:12 (1231 turns).

leviel the Covered (Minotaur Fighter)               Turns: 1231, Time: 00:03:13

Health: -7/33      AC:  5    Str: 20    XL:     3   Next: 78%
Magic:  2/2        EV:  9    Int:  5    God:
Gold:   29         SH:  9    Dex: 10    Spells: 2/2 levels left

rFire    . . .     SeeInvis .   a - +0 war axe
rCold    . . .     Faith    .   c - +0 kite shield
rNeg     . . .     Spirit   .   f - +0 steam dragon scales
rPois    .         Reflect  .   (helmet restricted)
rElec    .         Harm     .   (no cloak)
rCorr    .         Rampage  .   (no gloves)
Will     .....                  (no boots)
Stlth    +.........             (no amulet)
HPRegen  0.11/turn              (no ring)
MPRegen  0.08/turn              (no ring)

@: no status effects
A: horns 2, retaliatory headbutt
a: no special abilities


You were on level 4 of the Dungeon.
You visited 1 branch of the dungeon, and saw 3 of its levels.

You collected 29 gold pieces.

Inventory:

Hand Weapons
 a - a +0 war axe (weapon)
Armour
 c - a +0 kite shield (worn)
 f - +0 steam dragon scales (worn)
Scrolls
 g - a scroll of teleportation {unknown}
Potions
 b - a potion of degeneration {unknown}
 d - a potion of might
 e - a potion of curing {unknown}
 h - a potion of brilliance {unknown}


   Skills:
 + Level 4.0 Fighting
 * Level 3.4 Axes
 + Level 4.0 Armour
 + Level 4.0 Shields
 + Level 1.1 Invocations
 + Level 0.7 Evocations


You had 2 spell levels left.
You didn't know any spells.
Your spell library was empty.

Dungeon Overview and Level Annotations

Branches:
Dungeon (2/15)

Altars:
Xom


Innate Abilities, Weirdness & Mutations

You have a pair of horns on your head.
You reflexively headbutt those who attack you in melee.


Message History

A jackal comes into view.
The jackal barks!
Found a shortbow.
The water moccasin skeleton barely misses you.
You block the water moccasin skeleton's attack.
A quokka comes into view.
You block the jackal's attack.
Found an escape hatch in the ceiling.
You slash the jackal!
You kill the jackal!
You slash the endoplasm!
You kill the endoplasm!
The jackal closely misses you.
Your Shields skill increases to level 4!
You closely miss the jackal. You block the jackal's attack.
The jackal bites you but does no damage.
You block the ogre's attack.
The jackal bites you but does no damage.
You hit the jackal.
The jackal is moderately wounded.
You slash the ogre! The jackal bites you.
The ogre hits you with a +0 giant club! You block the jackal's attack.
You slash the jackal!
You kill the jackal!
You closely miss the ogre. You block the ogre's attack.
You closely miss the quokka. You headbutt the quokka.
The quokka is heavily wounded.
You closely miss the ogre. The quokka bites you. The ogre closely misses you.
You hit the quokka but do no damage. You headbutt the quokka.
You kill the quokka!
You barely miss the ogre. The ogre hits you with a +0 giant club!
Ouch! That really hurt!
* * * LOW HITPOINT WARNING * * *
Things that are here:
a quokka corpse; a jackal corpse A hound skeleton comes into view.
Found a scroll labelled WOHINK SEICIRGH.
There is an escape hatch in the ceiling here.
The ogre hits you with a +0 giant club!
You die...

#.......(...#.#
..............#...
#.............#...
###.#.........#..#
#.#.....$......# # #
#....###.###.##.#
#)#....###.......
#.##.#.##......#######
#......##....O@.....?.
##...........Z#######.
#####...###...Z.#
..).....###.....#
.######...†...###
######..# ...# ##.#^.
#.....


You could see an ogre, a water moccasin skeleton and a hound skeleton.

Vanquished Creatures
  An adder (D:4)
  A gnoll (D:1)
  A bat (D:1)
  5 endoplasms
  A giant cockroach (D:4)
  3 hobgoblins
  8 jackals
  2 quokkas (D:4)
  2 ball pythons (D:1)
  2 frilled lizards (D:1)
  6 kobolds (D:1)
  3 rats (D:1)
35 creatures vanquished.

Notes
Turn   | Place    | Note
-------+----------+-------------------------------------------
     0 | D:1      | leviel the Minotaur Fighter began the quest for the Orb.
     0 | D:1      | Reached XP level 1. HP: 19/19 MP: 0/0
   149 | D:1      | Reached XP level 2. HP: 27/27 MP: 1/1
   542 | D:1      | Reached XP level 3. HP: 29/33 MP: 2/2
   959 | D:2      | You fall into a shaft and drop 2 floors!
  1147 | D:4      | Found a shimmering altar of Xom.
  1181 | D:4      | Reached skill level 1 in Invocations
  1191 | D:4      | Noticed an ogre
  1231 | D:4      | Mangled by an ogre

Illustrated notes

Levels and vault maps discovered:
D:1:      dpeg_arrival_signposts, layout_basic
D:2:      layout_basic
D:4:      layout_loops_cross, nemelex_spade_bored_becter,
          nicolae_overflow_crystal_walls

Skill      XL: |  1  2  3 |
---------------+----------+-----
Axes           | 3 |  3.4
Armour         | 4 |  4.0
Fighting       | 4 |  4.0
Invocations    | 1 |  1.1
Shields        | 4 |  4.0
Evocations     | |  0.7

Action                   || total
-------------------------++-------
Melee: War axe           ||    53
       Headbutt          ||    11
Armor: Scale mail        ||     6
       Steam dragon scal ||    15
Dodge: Dodged            ||    26
Block: Kite shield       ||    31

Table legend: (Time is in decaauts)
 A = Elapsed time spent in this place.
 B = Non-inter-level travel time spent in this place.
 C = Inter-level travel time spent in this place.
 D = Time resting spent in this place.
 E = Time spent auto-exploring this place.
 F = Levels seen in this place.
 G = Mean time per level.
                   A        B        C        D        E       F      G
               +--------+--------+--------+--------+--------+-----+--------+
         Total |   1260 |   1185 |     75 |    170 |    826 |   3 |  420.0 |
       Dungeon |   1260 |   1185 |     75 |    170 |    826 |   3 |  420.0 |
               +--------+--------+--------+--------+--------+-----+--------+

Top non-repeatable levels by time:
     D:1: 975 daAuts
     D:4: 282 daAuts
     D:2: 1 daAuts
